 Dungeon Crawl Stone Soup version 0.31.0-4-g52a2dc7128 (webtiles) character file.

Game seed: 2100882835148350333

1211 McKennaii the Changeling (level 8, -4/67 HPs)
             Began as a Demigod Conjurer on Jan 22, 2024.
             Slain by a vampire (8 damage)
             ... on level 4 of the Dungeon.
             The game lasted 00:10:16 (6098 turns).

McKennaii the Changeling (Demigod Conjurer)         Turns: 6098, Time: 00:10:17

Health: -4/67      AC:  3    Str: 12    XL:     8   Next: 2%
Magic:  14/15      EV: 12    Int: 24    God:
Gold:   268        SH:  0    Dex: 12    Spells: 9/12 levels left

rFire   + . .        (no weapon)
rCold   . . .        (no shield)
rNeg    . . .        a - +0 robe
rPois   .            (no helmet)
rElec   .            v - +0 cloak
rCorr   +            (no gloves)
SInv    .            (no boots)
Will    .....        x - amulet of the acrobat Stlth
                     d - ring of resist corrosion
HPRegen 0.31/turn    o - ring of protection from fire
MPRegen 0.14/turn

%: acrobat
@: confused, silenced (expiring)
A: high MP 1, forlorn, divine attributes
a: no special abilities


You were on level 4 of the Dungeon.
You visited 1 branch of the dungeon, and saw 5 of its levels.
You also visited: Sewer.

You collected 268 gold pieces.

Inventory:

Armour
 a - a +0 robe (worn)
 v - a +0 cloak (worn)
Jewellery
 d - a ring of resist corrosion (left hand)
 o - a ring of protection from fire (right hand)
 x - an amulet of the acrobat (around neck)
Talismans
 i - a dragon-blood talisman
 t - a maw talisman
Wands
 C - a wand of polymorph (7)
Scrolls
 c - a scroll of fear
 e - a scroll of brand weapon
 q - a scroll of amnesia {unknown}
 r - a scroll of blinking {unknown}
 s - a scroll of enchant armour {unknown}
 w - a scroll of noise {unknown}
 y - a scroll of teleportation {unknown}
 z - a scroll of revelation {unknown}
 B - a scroll of fog
Potions
 b - a potion of magic
 f - a potion of curing
 m - 2 potions of haste {unknown}
 n - a potion of cancellation {unknown}
 p - a potion of attraction {unknown}
 u - a potion of enlightenment {unknown}
 A - 2 potions of mutation {unknown}
 D - 2 potions of brilliance {unknown}


   Skills:
 + Level 4.5 Fighting
 - Level 1.7 Dodging
 - Level 1.7 Stealth
 - Level 2.9 Spellcasting
 - Level 4.4 Conjurations
 * Level 6.0 Shapeshifting


You had 9 spell levels left.
You knew the following spells:

 Your Spells              Type           Power      Damage    Failure   Level
a - Magic Dart            Conj           96%        1d7       1%          1
b - Searing Ray           Conj           48%        2d6       2%          2

Your spell library contained the following spells:

 Spells                   Type           Power      Damage    Failure   Level
 Fulminant Prism          Conj/Alch      7%         3d7       41%         4
 Iskenderun's Mystic Bla  Conj/Tloc      14%        2d5       41%         4
 Malign Gateway           Summ/Tloc      1%         N/A       100%        7
 Summon Horrible Things   Summ           1%         N/A       100%        8


Dungeon Overview and Level Annotations

Branches:
Dungeon (5/15)             Temple (0/1) D:4           Sewer (visited)


Innate Abilities, Weirdness & Mutations

You have an increased reservoir of magic. (+10% MP)
You shall have no god before yourself.
Your divine heritage dramatically boosts your attributes as you level up.


Message History

As you read the scroll labelled OPLAIK RERASS, it crumbles to dust.
A profound silence engulfs you.
It was a scroll of silence.
Something hits you. Something bites you!
* * * LOW HITPOINT WARNING * * *
Something draws strength from your injuries!
Okay, then.
Something barely misses you. Something completely misses you.
Something closely misses you. Something bites you.
* * * LOW HITPOINT WARNING * * *
Something draws strength from your injuries!
Okay, then.
There is a stone staircase leading up here.
You climb upwards.
Reactivating autopickup.
There is a stone staircase leading down here.
Something hits you but does no damage.
Deactivating autopickup; reactivate with Ctrl-A.
Something bites you.
Something draws strength from your injuries!
Something closely misses you. Something barely misses you. Something hits you!
* * * LOW HITPOINT WARNING * * *
Something closely misses you.
You feel much better. Something hits you!
* * * LOW HITPOINT WARNING * * *
Something barely misses you. Something hits you.
* * * LOW HITPOINT WARNING * * *
Something barely misses you. Something misses you. Something bites you!
* * * LOW HITPOINT WARNING * * *
Something draws strength from your injuries!
You feel better.
You are confused.
You bump into the rock wall.
You feel your willpower return. Something hits you!
* * * LOW HITPOINT WARNING * * *
Something bites you!
You die...

..### ####.....#
....### #...##.#
#.#...###......#
#.###......#######
.......>.........#
.#########.#####.# .#
#.# #.# .# ######## #.#
## #......# #@#
#......####.#
######.........#.######
..................<...#
.......####....###.####
.......# #..### #.#
.......# #...# #.###
.......# #.#.####...#
.......# #......#.###


There were no monsters in sight!

Vanquished Creatures
  Grinder (D:3)
  Sigmund (D:5)
  A black bear (D:3)
  An ogre (D:4)
  A kobold brigand (Sewer)
  2 brain worms (Sewer)
  A hound (D:4)
  A bombardier beetle (D:4)
  2 jellies (D:5)
  5 iguanas
  3 gnolls (D:2)
  3 river rats (Sewer)
  11 adders
  2 ribbon worms
  3 orcs (D:3)
  16 ball pythons
  7 bats
  8 endoplasms
  2 giant cockroaches
  5 hobgoblins
  11 kobolds
  3 quokkas
  7 frilled lizards
  11 goblins
  7 rats
115 creatures vanquished.

Notes
Turn   | Place    | Note
-------+----------+-------------------------------------------
     0 | D:1      | McKennaii the Demigod Conjurer began the quest for the Orb.
     0 | D:1      | Reached XP level 1. HP: 14/14 MP: 5/5
   302 | D:1      | Reached XP level 2. HP: 20/20 MP: 1/7
   305 | D:1      | Learned a level 2 spell: Searing Ray
  1146 | D:2      | Reached XP level 3. HP: 26/26 MP: 5/9
  1747 | D:2      | Reached XP level 4. HP: 27/33 MP: 0/11
  1846 | D:2      | Reached skill level 1 in Shapeshifting
  2226 | D:3      | Noticed Grinder
  2228 | D:3      | Paralysed by Grinder for 3 turns
  2278 | D:3      | Paralysed by Grinder for 5 turns
  2286 | D:3      | Paralysed by Grinder for 2 turns
  2288 | D:3      | Killed Grinder
  2289 | D:3      | Reached skill level 2 in Shapeshifting
  2289 | D:3      | Reached XP level 5. HP: 31/41 MP: 0/12
  2459 | D:3      | Reached skill level 3 in Shapeshifting
  3243 | D:4      | Reached XP level 6. HP: 48/48 MP: 11/13
  3386 | D:4      | Found a staircase to the Ecumenical Temple.
  3807 | D:3      | Reached skill level 4 in Shapeshifting
  3889 | D:4      | Reached XP level 7. HP: 55/57 MP: 2/14
  4498 | D:5      | Entered Level 5 of the Dungeon
  4731 | D:5      | Noticed Sigmund
  4757 | D:5      | Killed Sigmund
  4758 | D:5      | Reached skill level 5 in Shapeshifting
  4872 | D:5      | Found a glowing drain.
  4878 | Sewer    | Entered a sewer
  5549 | Sewer    | Reached XP level 8. HP: 52/67 MP: 2/15
  5674 | Sewer    | Reached skill level 6 in Shapeshifting
  6098 | D:4      | Slain by a vampire

Illustrated notes

Levels and vault maps discovered:
D:1:      dpeg_arrival_prison, layout_rooms
D:2:      layout_rooms, hex_medium, chequers_serial_rivers_micro_e,
          small_statue_intersection, grunt_ministairs_7,
          kennysheep_small_spiral, minmay_randomly_rotated_circles
D:3:      layout_loops_ring, nemelex_diamond_rough_becter,
          minmay_misc_feat_pillars, hangedman_glass_teeth, grunt_ministairs_7,
          amethyst_killhole, uniq_grinder
D:4:      layout_basic, jmf_multi_god_temple2, minmay_temple_entry_large_hall
D:5:      layout_gridville, elyvilon_altar_5,
          mainiacjoe_sewer_entry_somewhere_in_here_2, kennysheep_generic_room_6,
          uniq_pikel, uniq_sigmund, uniq_blork_the_orc

Skill      XL: |  1  2  3  4  5  6  7  8 |
---------------+-------------------------+-----
Spellcasting   | 2 |  2.9
Conjurations   | 4 |  4.4
Shapeshifting  | 2 3 4 5 6 |  6.0
Fighting       | 2 3 4 |  4.5
Dodging        | |  1.7
Stealth        | |  1.7

Action                     |  1- 3 |  4- 6 |  7- 9 || total
---------------------------+-------+-------+-------++-------
  Melee: Unarmed           |    11 |     3 |    16 ||    30
   Cast: Magic Dart        |    90 |    66 |    68 ||   224
         Searing Ray       |     4 |    15 |    16 ||    35
    Use: Scroll            |       |       |     8 ||     8
         Potion            |       |       |     2 ||     2
 Armour: Robe              |    16 |    15 |    29 ||    60
         Skin              |       |       |     2 ||     2
  Dodge: Dodged            |    27 |    34 |    29 ||    90
